 Dungeon Crawl Stone Soup version 0.27-a0-899-ge2d0b17c59 (webtiles) character file.

Game seed: 3010063097419668935

36 mhtbhm the Skirmisher (level 3, -1/24 HPs)
             Began as a Gargoyle Berserker on Apr 5, 2021.
             Was a Follower of Trog.
             Slain by a goblin
             ... wielding a +0 dagger
             ... led by Robin
              (5 damage)
             ... on level 2 of the Dungeon.
             The game lasted 00:01:38 (1794 turns).

mhtbhm the Skirmisher (Gargoyle Berserker)          Turns: 1794, Time: 00:01:38

Health: -1/24      AC:  5    Str: 21    XL:     3   Next: 37%
Magic:  3/3        EV: 12    Int:  7    God:    Trog [*.....]
Gold:   9          SH:  0    Dex:  9    Spells: 2/2 levels left

rFire    . . .     SeeInvis .   a - +0 mace
rCold    . . .     Faith    .   (no shield)
rNeg     + . .     Spirit   .   b - +0 animal skin
rPois    ∞         Reflect  .   (no helmet)
rElec    +         Harm     .   (no cloak)
rCorr    .         Rampage  .   (no gloves)
Will     .....                  (no boots)
Stlth    +.........             (no amulet)
HPRegen  0.08/turn              (no ring)
MPRegen  0.08/turn              (no ring)

@: brilliant, berserk cooldown, slowed, very slow
A: AC +3, negative energy resistance 1, electricity resistance, torment
resistance 1, unbreathing 1, petrification resistance
a: Renounce Religion, Berserk


You were on level 2 of the Dungeon.
You worshipped Trog.
Trog was aware of your devotion.
You visited 1 branch of the dungeon, and saw 2 of its levels.

You collected 9 gold pieces.

Inventory:

Hand Weapons
 a - a +0 mace (weapon)
Armour
 b - a +0 animal skin (worn)
Scrolls
 e - a scroll of magic mapping {unknown}
 g - a scroll of enchant armour {unknown}
 h - a scroll of noise {unknown}
Potions
 c - a potion of brilliance


   Skills:
 + Level 4.0 Fighting
 + Level 3.5 Maces & Flails
 + Level 2.2 Armour
 + Level 1.8 Dodging
 + Level 0.3 Stealth


You had 2 spell levels left.
You didn't know any spells.
Your spell library was empty.

Dungeon Overview and Level Annotations

Branches:
Dungeon (2/15)

Altars:

Annotations:
D:2 Robin


Innate Abilities, Weirdness & Mutations

Your stone body is resilient. (AC +3)
You are immune to poison.
You resist negative energy. (rN+)
You are resistant to electric shocks. (rElec)
You are resistant to unholy torment.
You can survive without breathing.
You are immune to petrification.


Message History

The goblin hits you but does no damage. The goblin barely misses you.
Unknown command.
It was a potion of brilliance.
You feel clever all of a sudden. Robin barely misses you.
The goblin hits you with a +0 dagger.
* * * LOW HITPOINT WARNING * * *
It was a potion of curing.
You feel better.
The goblin no longer looks unusually strong.
Robin hits you but does no damage. The goblin barely misses you.
Robin flexes a bicep menacingly.
Robin misses you. The goblin hits you but does no damage.
You hit Robin but do no damage. Robin hits you with a +0 falchion.
* * * LOW HITPOINT WARNING * * *
The goblin misses you. Robin hits you with a +0 falchion.
* * * LOW HITPOINT WARNING * * *
The goblin hits you but does no damage.
Unknown command.
It was a potion of heal wounds.
You feel much better. Robin hits you with a +0 falchion. The goblin misses you.
You hit Robin.
Robin is heavily wounded.
Robin hits you with a +0 falchion. The goblin closely misses you.
Robin says, "A pitiful Gargoyle like you will never find the ORB!"
Robin hits you with a +0 falchion. The goblin barely misses you.
You hit Robin.
Robin is severely wounded.
Robin hits you with a +0 falchion. The goblin hits you but does no damage.
Robin hits you but does no damage. The goblin hits you with a +0 dagger.
You hit Robin but do no damage.
Robin is severely wounded.
Robin roars a battlecry!
The goblin goes into a battle-frenzy!
The goblin hits you with a +0 dagger. Robin barely misses you.
The goblin closely misses you.
You hit Robin but do no damage.
Robin is severely wounded.
Robin hits you with a +0 falchion.
* * * LOW HITPOINT WARNING * * *
The goblin hits you with a +0 dagger.
You die...

... ... ... #.#
#.# # #.# #..
#.# #... #g#
#...# #@# #.....
#g# #.....###.#
#......<..###
#<..###.....###.
# ##.)......
....g....#.....#
.#.#.#.#.###.#..
# #.#.# .# .


You could see Robin and a goblin (strong).

Vanquished Creatures
  A dart slug (D:1)
  A ball python (D:1)
  A bat (D:1)
  A giant cockroach (D:1)
  5 hobgoblins
  4 kobolds (D:1)
  3 quokkas (D:1)
  9 goblins
  3 rats
28 creatures vanquished.

Vanquished Creatures (others)
  A plant (D:1)
1 creature vanquished.

Grand Total: 29 creatures vanquished

Notes
Turn   | Place    | Note
-------+----------+-------------------------------------------
     0 | D:1      | mhtbhm the Gargoyle Berserker began the quest for the Orb.
     0 | D:1      | Reached XP level 1. HP: 14/14 MP: 1/1
   452 | D:1      | Reached XP level 2. HP: 16/19 MP: 2/2
  1127 | D:1      | Found a faded altar of an unknown god.
  1418 | D:1      | Reached skill level 4 in Fighting
  1418 | D:1      | Reached XP level 3. HP: 24/24 MP: 3/3
  1761 | D:2      | Noticed Robin
  1794 | D:2      | Slain by a goblin

Illustrated notes

Levels and vault maps discovered:
D:1:      saegor_arrival_miasma, layout_basic,
          shapermc_ecumenical_altar_flowoftime, nrook_uturn
D:2:      layout_rooms, serial_curves, eino_curves_02, eino_curves_01,
          eino_curves_02, minmay_misc_feat_rows, uniq_robin, uniq_jessica,
          uniq_sigmund

Skill      XL: |  1  2 |
---------------+-------+-----
Fighting       | 4 |  4.0
Maces & Flails | |  3.5
Armour         | |  2.2
Dodging        | |  1.8
Stealth        | |  0.3

Action                   || total
-------------------------++-------
Melee: Mace              ||    83
Invok: Berserk           ||     1
  Use: Potion            ||     3
Armor: Animal skin       ||    37
Dodge: Dodged            ||    55

Table legend: (Time is in decaauts)
 A = Elapsed time spent in this place.
 B = Non-inter-level travel time spent in this place.
 C = Inter-level travel time spent in this place.
 D = Time resting spent in this place.
 E = Time spent auto-exploring this place.
 F = Levels seen in this place.
 G = Mean time per level.
                   A        B        C        D        E       F      G
               +--------+--------+--------+--------+--------+-----+--------+
         Total |   1812 |   1812 |      0 |    167 |   1425 |   2 |  906.0 |
       Dungeon |   1812 |   1812 |      0 |    167 |   1425 |   2 |  906.0 |
               +--------+--------+--------+--------+--------+-----+--------+

Top non-repeatable levels by time:
     D:1: 1773 daAuts
     D:2: 39 daAuts
